Map: Deathaura LE

Players

Zaechus - Winner!

  • Race: Protoss Protoss
  • League: Diamond
  • Spawn Location: 11:00

Grim

  • Race: Zerg Zerg
  • League: Diamond
  • Spawn Location: 5:00

VOD

Have the link to the VOD?

Description

Time

  • Played on: Aug. 30, 2020, 10:14 p.m.
  • Length: 11:43
Show
View Real Time Build Order
Export as new Build Order

Zaechus Protoss - Winner!

Build Orders: 1 Gate Expand, Oracle Opening, Phoenix Opening, Archon Immortal, Carriers, Mass Phoenix 

Get SALT Encoding   

  12  0:00  Probe  
  13  0:12  Probe  
  14  0:18  Pylon  
  14  0:25  Probe  
  15  0:36  Gateway  
  15  0:38  Probe (Chrono Boost)  
  16  0:44  Assimilator  
  17  0:50  Probe (Chrono Boost)  
  17  0:54  Probe (Chrono Boost)  
  18  1:05  Probe  
  19  1:17  Probe  
  20  1:25  Nexus  
  20  1:35  Cybernetics Core  
  20  1:38  Probe  
  21  1:46  Assimilator  
  21  1:50  Probe  
  22  1:54  Pylon  
  22  2:02  Probe  
  23  2:09  Adept (Chrono Boost)  
  23  2:14  Probe  
  26  2:22  Stargate  
  26  2:26  Probe  
  27  2:32  Adept  
  30  2:37  Probe (Chrono Boost), Warp Gate  
  30  2:38  Probe (Chrono Boost)  
  31  2:47  Probe (Chrono Boost)  
  31  2:48  Probe (Chrono Boost)  
  33  2:52  Probe (Chrono Boost)  
  33  2:53  Probe (Chrono Boost)  
  35  3:03  Probe  
  36  3:09  Oracle, Probe  
  40  3:15  Adept, Probe  
  40  3:19  Gateway  
  43  3:20  Pylon  
  43  3:22  Probe  
  43  3:27  Shield Battery  
  44  3:28  Probe  
  44  3:34  Probe  
  46  3:40  Probe  
  47  3:46  Probe, Phoenix  
  50  3:52  Nexus  
  50  3:57  Pylon  
  50  4:02  Pylon  
  50  4:04  Probe x2  
  52  4:16  Probe x2  
  54  4:17  Phoenix  
  54  4:23  Stargate  
  54  4:24  Assimilator  
  56  4:25  Assimilator  
  56  4:28  Probe x2  
  58  4:34  Adept  
  58  4:35  Adept  
  62  4:40  Probe x2  
  64  4:49  Pylon  
  64  4:52  Pylon, Probe  
  65  4:53  Probe  
  66  5:04  Probe x2  
  66  5:05  Probe  
  66  5:06  Adept x2  
  73  5:07  Phoenix x2 (Chrono Boost)  
  77  5:16  Probe x2  
  77  5:17  Probe  
  80  5:23  Phoenix x2 (Chrono Boost)  
  84  5:28  Probe  
  84  5:29  Probe x2  
  84  5:31  Pylon  
  87  5:40  Probe  
  87  5:41  Probe x2  
  90  5:44  Phoenix x2 (Chrono Boost)  
  94  5:53  Probe x2  
  94  5:54  Robotics Facility  
  94  5:57  Forge  
  96  6:01  Robotics Facility  
  96  6:07  Probe  
  96  6:08  Probe x2  
  96  6:09  Zealot  
  96  6:10  Zealot  
  103  6:18  Twilight Council  
  103  6:20  Probe x3  
  106  6:32  Probe x3  
  105  6:39  Phoenix x2  
  109  6:51  Gateway  
  109  6:52  Gateway  
  109  6:53  Gateway  
  109  6:59  Pylon  
  109  7:01  Charge  
  109  7:02  Assimilator  
  109  7:06  Assimilator  
  109  7:17  Protoss Ground Weapons Level 1, Immortal, Pylon, Probe x3  
  116  7:29  Probe  
  117  7:35  Immortal, Probe x2  
  123  7:41  Probe  
  123  7:42  Nexus  
  124  7:45  Pylon  
  124  7:47  Probe  
  124  7:48  Pylon  
  124  7:51  Assimilator  
  125  7:54  Assimilator  
  125  8:03  Immortal, Probe  
  130  8:06  Pylon  
  130  8:08  Pylon  
  130  8:12  Pylon  
  130  8:14  Immortal  
  130  8:15  Pylon  
  130  8:17  Pylon  
  130  8:18  Pylon  
  130  8:19  Gateway  
  134  8:22  Gateway  
  134  8:25  Zealot, Gateway  
  134  8:26  Zealot x4, Gateway  
  144  8:31  Templar Archives  
  144  8:33  Robotics Bay  
  144  8:36  Fleet Beacon  
  146  8:53  Warp Prism  
  146  8:54  Phoenix  
  148  9:01  Zealot x5  
  158  9:13  Observer  
  157  9:18  High Templar  
  157  9:19  High Templar  
  157  9:21  High Templar x3  
  157  9:22  High Templar  
  169  9:24  Zealot  
  169  9:25  Zealot x2  
  169  9:29  Archon, Observer  
  169  9:30  Archon x2  
  176  9:34  Forge  
  176  9:35  Immortal  
  180  9:50  Immortal  
  184  9:55  High Templar x2  
  184  9:57  Zealot x6  
  200  10:02  Archon  
  200  10:08  Psionic Storm  
  184  10:56  High Templar x3  
  170  10:57  High Templar x4  
  170  10:58  Zealot  
  170  10:59  Zealot  
  176  11:39  Zealot x4  
  180  11:41  Zealot x5  
Show
View Real Time Build Order
Export as new Build Order

Grim Zerg 

Build Orders: Hatch First, Roach Hydra 

Get SALT Encoding   

  12  0:02  Drone  
  13  0:12  Overlord  
  13  0:17  Drone  
  14  0:39  Drone x2  
  16  0:50  Hatchery  
  16  0:52  Drone  
  16  0:58  Drone  
  16  1:03  Drone  
  18  1:06  Extractor  
  17  1:18  Spawning Pool  
  16  1:28  Drone x2  
  18  1:34  Drone  
  19  2:06  Drone x3  
  19  2:08  Drone  
  23  2:17  Queen  
  23  2:18  Queen  
  23  2:20  Zergling x2  
  28  2:24  Overlord  
  28  2:35  Overlord  
  28  2:43  Zergling x4  
  30  2:46  Drone x2  
  30  2:50  Hatchery  
  30  3:13  Overlord, Drone x4  
  34  3:25  Drone x2  
  36  3:30  Drone x4  
  36  3:32  Queen  
  42  3:43  Pneumatized Carapace  
  42  3:46  Drone x2  
  44  3:53  Drone  
  44  3:54  Drone  
  46  4:10  Roach Warren  
  46  4:11  Queen x2  
  46  4:12  Drone x6  
  46  4:14  Overlord x2  
  46  4:16  Drone  
  56  4:28  Extractor  
  56  4:30  Extractor  
  54  4:34  Evolution Chamber  
  54  4:35  Drone x3  
  54  4:36  Extractor  
  54  4:37  Drone x3  
  58  4:39  Overlord  
  58  4:55  Spore Crawler  
  58  4:57  Spore Crawler  
  56  5:01  Zerg Ground Armor Level 1  
  56  5:03  Lair  
  56  5:04  Queen  
  58  5:13  Drone x6, Spore Crawler  
  64  5:14  Drone x3  
  66  5:29  Evolution Chamber  
  65  5:51  Drone x5  
  65  5:52  Drone x3  
  65  5:55  Overlord x4  
  73  5:59  Hatchery  
  72  6:13  Roach x2  
  72  6:14  Roach x9  
  89  6:26  Drone  
  89  6:27  Drone x6  
  90  6:37  Drone  
  90  6:38  Drone x4  
  95  6:44  Hydralisk Den  
  94  6:48  Overlord x2  
  94  7:19  Extractor x2  
  94  7:21  Hydralisk x6  
  104  7:26  Zerg Missile Weapons Level 1  
  104  7:27  Glial Reconstitution  
  104  7:31  Grooved Spines  
  104  7:36  Overlord x2  
  104  7:37  Overlord x3  
  104  8:00  Drone x8  
  104  8:03  Drone x3  
  104  8:04  Drone x3  
  118  8:12  Spore Crawler  
  118  8:18  Spore Crawler  
  116  8:23  Spore Crawler  
  116  8:24  Drone x3  
  116  8:25  Drone  
  119  8:27  Spore Crawler  
  119  8:30  Hydralisk  
  119  8:32  Overlord x2  
  119  8:33  Overlord  
  120  8:43  Muscular Augments  
  112  8:58  Hydralisk x11  
  134  9:07  Drone  
  134  9:08  Drone x9  
  144  9:29  Overlord x5  
  144  9:37  Extractor  
  143  9:42  Extractor  
  143  9:44  Infestation Pit  
  141  9:52  Drone x3  
  144  9:59  Hatchery  
  143  10:03  Hatchery  
  78  10:58  Hydralisk x6  
  78  10:59  Hydralisk x8  
Tags
 
Add a new tag
Caveats
  • Supply blocks, unpowered buildings, or Contaminate may cause inaccurate times.
  • Supply counts are checked every 10 seconds.